Map: 로스트 앤 파운드 - 래더

Players

SuperNova

  • Race: Terran Terran
  • League: Grandmaster
  • Spawn Location: 1:00

IIIIIIIIIIII - Winner!

  • Race: Protoss Protoss
  • League: Grandmaster
  • Spawn Location: 7:00

VOD

Have the link to the VOD?

Description

Time

  • Played on: Oct. 19, 2018, 2:04 a.m.
  • Length: 9:53
Show
View Real Time Build Order
Export as new Build Order

SuperNova Terran 

Build Orders: Cyclone Opening, Reaper Expand, Mech 

Get SALT Encoding   

  12  0:00  SCV  
  13  0:13  SCV  
  14  0:17  Supply Depot  
  14  0:25  SCV  
  14  0:27  Refinery  
  15  0:38  SCV  
  16  0:44  Barracks  
  16  0:51  SCV  
  17  1:03  SCV  
  18  1:15  SCV  
  19  1:31  Orbital Command  
  19  1:32  Reaper  
  20  1:41  Command Center  
  20  1:53  Factory  
  20  1:57  SCV  
  21  2:03  Refinery  
  21  2:05  Barracks Reactor  
  21  2:10  SCV  
  21  2:13  Supply Depot  
  22  2:22  SCV  
  23  2:35  SCV  
  24  2:45  Cyclone  
  24  2:47  SCV  
  24  2:48  Marine  
  29  2:54  Cyclone  
  29  2:55  Orbital Command  
  32  2:59  SCV  
  33  3:06  Marine  
  33  3:12  SCV  
  35  3:17  Hellion  
  35  3:19  Starport  
  37  3:22  SCV  
  37  3:25  Barracks Tech Lab  
  37  3:26  Hellion  
  40  3:31  SCV  
  40  3:34  Supply Depot, SCV  
  42  3:43  SCV  
  42  3:46  SCV  
  44  3:55  SCV  
  44  3:56  Factory Tech Lab  
  44  3:58  SCV  
  46  4:03  Cloaking Field  
  46  4:04  Banshee  
  48  4:16  Marine x2  
  44  4:20  SCV x2  
  44  4:23  Siege Tank  
  44  4:24  Command Center  
  47  4:29  Bunker  
  45  4:32  SCV  
  45  4:33  Marine  
  45  4:34  SCV  
  45  4:36  Marine  
  47  4:43  Supply Depot  
  47  4:45  SCV  
  48  4:46  Refinery  
  48  4:47  Refinery, Banshee  
  48  4:49  SCV  
  52  4:54  Marine x2  
  54  5:02  SCV x2  
  54  5:05  Siege Tank  
  54  5:06  Supply Depot  
  56  5:12  Marine x2  
  56  5:14  SCV x2  
  60  5:25  Engineering Bay  
  60  5:26  SCV x2  
  60  5:32  Raven  
  60  5:35  Supply Depot  
  62  5:37  Orbital Command  
  62  5:38  SCV x2  
  62  5:41  Factory  
  64  5:45  Factory  
  64  5:47  Marine  
  65  5:50  SCV x2  
  65  5:52  Supply Depot  
  65  5:56  Siege Tank  
  70  6:00  Supply Depot  
  70  6:01  Supply Depot  
  70  6:02  SCV x2  
  70  6:04  Orbital Command  
  72  6:14  SCV x2  
  71  6:26  SCV x2  
  71  6:28  Siege Tank  
  71  6:32  SCV  
  77  6:38  SCV x2  
  77  6:39  Starport Reactor  
  78  6:40  Siege Tank  
  78  6:44  SCV  
  81  6:50  Armory, SCV x2  
  81  6:52  Armory  
  83  6:55  Refinery  
  83  6:56  SCV  
  83  6:57  Bunker  
  83  6:58  Refinery  
  84  7:03  Bunker, SCV x2  
  84  7:04  Siege Tank, Hellion x2  
  93  7:08  SCV  
  93  7:15  SCV x2  
  96  7:17  Infernal Pre-Igniter  
  96  7:18  Supply Depot  
  96  7:20  SCV  
  96  7:21  Supply Depot  
  97  7:27  SCV x2  
  97  7:29  Supply Depot x2  
  99  7:31  Hellion x2  
  99  7:32  SCV  
  104  7:39  SCV x2  
  104  7:42  Liberator x2  
  106  7:45  SCV, Terran Vehicle And Ship Armor Level 1, Terran Ship Weapons Level 1  
  109  7:51  Supply Depot, SCV x2  
  109  7:52  Missile Turret  
  109  7:53  Missile Turret, Hellion x2  
  109  7:54  Missile Turret  
  109  7:57  SCV  
  120  8:02  Siege Tank  
  120  8:03  SCV x2  
  125  8:07  Supply Depot  
  125  8:08  Supply Depot  
  125  8:09  SCV  
  125  8:10  Siege Tank  
  129  8:15  SCV x2  
  129  8:21  SCV  
  129  8:24  Hellion x2  
  129  8:26  Liberator  
  132  8:27  SCV x2  
  132  8:28  Starport x2  
  132  8:29  Liberator  
  132  8:33  Supply Depot, SCV  
  135  8:34  Command Center  
  135  8:35  Supply Depot  
  135  8:44  Supply Depot  
  145  8:48  Hellion x2  
  145  8:50  Hellion  
  147  9:04  Supply Depot  
  147  9:05  Supply Depot  
  131  9:12  Siege Tank  
  131  9:14  Siege Tank, Hellion  
  92  9:26  Hellion  
  92  9:28  SCV x2  
  86  9:36  SCV  
  85  9:40  SCV  
Show
View Real Time Build Order
Export as new Build Order

IIIIIIIIIIII Protoss - Winner!

Build Orders: 1 Gate Expand, Blink Stalkers, Zealot Archon 

Get SALT Encoding   

  12  0:00  Probe  
  13  0:12  Probe  
  14  0:17  Pylon  
  14  0:25  Probe  
  15  0:34  Assimilator, Probe  
  15  0:42  Probe, Gateway  
  17  0:51  Probe  
  18  1:04  Probe  
  19  1:19  Nexus  
  19  1:28  Probe  
  19  1:29  Cybernetics Core  
  20  1:36  Probe  
  20  1:37  Assimilator  
  20  1:45  Probe  
  20  1:46  Pylon  
  22  1:56  Warp Gate, Stalker  
  22  1:57  Probe  
  25  2:11  Probe  
  26  2:16  Twilight Council  
  26  2:23  Probe  
  26  2:29  Stalker  
  29  2:30  Probe  
  29  2:35  Probe  
  31  2:37  Blink  
  31  2:43  Probe  
  32  2:48  Probe  
  33  2:55  Probe  
  34  3:04  Gateway  
  34  3:05  Gateway  
  34  3:08  Probe  
  34  3:10  Probe  
  36  3:15  Stalker  
  38  3:20  Probe  
  38  3:24  Probe  
  38  3:25  Shield Battery  
  40  3:32  Probe  
  41  3:37  Probe, Robotics Facility  
  41  3:41  Pylon  
  42  3:45  Probe  
  43  3:54  Probe  
  44  3:58  Pylon  
  44  4:00  Stalker x2  
  44  4:01  Stalker  
  44  4:19  Pylon  
  43  4:26  Stalker x3  
  43  4:28  Probe  
  48  4:34  Probe  
  48  4:35  Observer  
  49  4:40  Probe  
  49  4:42  Assimilator  
  49  4:44  Assimilator  
  50  4:47  Probe  
  50  4:52  Nexus  
  51  4:53  Pylon  
  51  4:56  Probe  
  52  5:03  Observer, Probe, Pylon  
  52  5:04  Shield Battery  
  54  5:08  Probe  
  55  5:15  Stalker x2, Pylon  
  55  5:17  Stalker  
  55  5:19  Probe  
  62  5:21  Probe  
  63  5:31  Probe  
  63  5:33  Observer  
  65  5:38  Probe  
  65  5:42  Charge  
  66  5:46  Gateway x2  
  66  5:47  Probe  
  66  5:49  Gateway  
  67  5:52  Probe  
  67  5:54  Stalker  
  69  6:06  Probe  
  69  6:07  Probe  
  69  6:26  Probe  
  69  6:27  Probe x2  
  69  6:28  Immortal  
  76  6:35  Templar Archives  
  76  6:38  Probe  
  76  6:45  Probe  
  76  6:46  Zealot x3  
  81  6:47  Probe  
  82  6:54  Forge  
  82  6:57  Gateway  
  82  6:58  Probe  
  82  6:59  Gateway  
  83  7:01  Warp Prism  
  83  7:02  Probe  
  83  7:04  Pylon  
  83  7:06  Probe, Gateway  
  85  7:08  Gateway  
  85  7:09  Pylon  
  85  7:10  Pylon  
  85  7:11  Probe  
  88  7:17  Probe  
  88  7:20  Zealot x3  
  95  7:23  Probe  
  95  7:27  Psionic Storm  
  96  7:36  High Templar x3  
  100  7:46  Archon  
  100  7:50  Photon Cannon  
  100  7:53  Protoss Ground Weapons Level 1, High Templar x3  
  106  8:01  Photon Cannon  
  106  8:05  Photon Cannon x2  
  106  8:06  Zealot x3  
  106  8:07  Archon x2  
  106  8:09  Photon Cannon  
  106  8:10  Warp Prism  
  110  8:20  Stalker x2  
  110  8:21  Stalker  
  116  8:31  Pylon x2  
  116  8:39  High Templar  
  118  8:46  High Templar, Zealot x2  
  124  8:52  Zealot x6  
  124  8:54  Archon  
  80  9:18  Zealot x10  
  84  9:41  Stalker  
  84  9:42  Stalker x7  
  84  9:45  Stalker  
Tags
 
Add a new tag
Caveats
  • Supply blocks, unpowered buildings, or Contaminate may cause inaccurate times.
  • Supply counts are checked every 10 seconds.